 Dungeon Crawl Stone Soup version 0.30-a0-691-g754fce4c43 (webtiles) character file.

Game seed: 9871060234637993754

79 Newt the Trooper (level 4, -6/52 HPs)
             Began as a Demonspawn Gladiator on Jan 19, 2023.
             Was a Follower of Trog.
             Killed by divine providence
             ... invoked by an orc priest
              (16 damage)
             ... on level 3 of the Dungeon.
             The game lasted 00:02:44 (1570 turns).

Newt the Trooper (Demonspawn Gladiator)             Turns: 1570, Time: 00:02:44

Health: -6/52      AC:  5    Str: 23    XL:     4   Next: 16%
Magic:  4/4        EV: 12    Int:  9    God:    Trog [*.....]
Gold:   137        SH:  0    Dex: 14    Spells: 3/3 levels left

rFire   . . .      SeeInvis .    a - +0 rapier
rCold   . . .      Faith    .    (no shield)
rNeg    . . .      Spirit   .    b - +0 leather armour
rPois   .          Reflect  .    (helmet restricted)
rElec   .          Harm     .    (no cloak)
rCorr   .          Rampage  .    (no gloves)
Will    .....                    (no boots) Stlth
                                 (no amulet)
HPRegen 0.28/turn                k - +6 ring of strength
MPRegen 0.09/turn                (no ring)

@: berserking, very quick
A: horns 1, slimy green scales 1
a: Renounce Religion, Berserk


You were on level 3 of the Dungeon.
You worshipped Trog.
Trog was aware of your devotion.
You visited 1 branch of the dungeon, and saw 3 of its levels.

You collected 137 gold pieces.

Inventory:

Hand Weapons
 a - a +0 rapier (weapon)
Missiles
 d - 3 throwing nets (quivered)
 p - 5 boomerangs
Armour
 b - a +0 leather armour (worn)
 c - a +0 helmet
 r - the +2 helmet "Curchit" {rN++ Int-2 Dex+4}
   (You found it on level 2 of the Dungeon)

   Int:       It affects your intelligence (-2).
   Dex:       It affects your dexterity (+4).
   rN:        It greatly protects you from negative energy.
Jewellery
 k - a +6 ring of strength (left hand)
 q - a +6 ring of intelligence
Scrolls
 m - a scroll of identify
Potions
 f - 2 potions of invisibility
 g - a potion of curing
 h - a potion of degeneration {unknown}
 i - a potion of might {unknown}
 j - 2 potions of haste
 l - 2 potions of attraction {unknown}
 n - a potion of cancellation {unknown}
 o - a potion of brilliance {unknown}


   Skills:
 + Level 3.1 Fighting
 - Level 2.6 Short Blades
 - Level 1.7 Throwing
 - Level 2.6 Dodging
 - Level 3.0 Stealth


You had 3 spell levels left.
You didn't know any spells.
Your spell library was empty.

Dungeon Overview and Level Annotations

Branches:
Dungeon (3/15)

Altars:
Trog


Innate Abilities, Weirdness & Mutations

You have a pair of small horns on your head.
You are partially covered in slimy green scales. (AC +2)


Message History

You hit the orc but do no damage.
An orc wizard appears from thin air!
The orc misses you. The orc barely misses you.
The orc attacks as you move away! The orc closely misses you.
You feel less confused.
You hit the orc. Your headbutt misses the orc.
The orc is heavily wounded.
The orc hits you but does no damage.
You hit the orc.
You kill the orc!
Trog accepts your kill.
You barely miss the orc priest.
The orc priest begins to cast a cantrip, but forgets the words!
You hit the orc priest but do no damage.
The orc wizard gestures wildly while chanting.
The orc wizard flickers and vanishes!
Deactivating autopickup; reactivate with Ctrl-A.
The orc priest misses you.
You hit the orc priest but do no damage.
The orc priest hits you but does no damage.
You hit the orc priest.
The orc priest is lightly wounded.
The orc priest mumbles some strange prayers to Beogh against you.
Beogh smites you!
You closely miss the orc priest. You headbutt the orc priest.
The orc priest is moderately wounded.
The orc priest invokes the aid of Beogh against you.
Beogh smites you!
You puncture the orc priest!
You headbutt the orc priest, but do no damage.
The orc priest is severely wounded.
The orc priest barely misses you.
You hit the orc priest but do no damage.
The orc priest is severely wounded.
The orc priest hits you with a +0 flail.
* * * LOW HITPOINT WARNING * * *
A red film seems to cover your vision as you go berserk!
You feel yourself moving faster!
You feel mighty!
The orc priest calls down the wrath of Beogh upon you.
Beogh smites you!
You die...

#####.#.#####...#########
###.........#.#
#...#.####..#.#
#.###.####..#.# #.#
#.#.....#.# #.# #.#.##.##
#####.#.##.# #.....#.##.#
#######@##.. #o####
#o################
#{....oo.(........
##################


You could see an orc priest and an orc.

Vanquished Creatures
  2 adders (D:2)
  A dart slug (D:2)
  An orc (D:3)
  3 ball pythons
  4 bats
  4 endoplasms
  A giant cockroach (D:1)
  A goblin (D:1)
  6 hobgoblins
  3 jackals (D:1)
  6 kobolds
  A quokka (D:1)
  3 frilled lizards (D:1)
  6 rats
42 creatures vanquished.

Vanquished Creatures (others)
  An orc wizard (D:3)
1 creature vanquished.

Grand Total: 43 creatures vanquished

Notes
Turn   | Place    | Note
-------+----------+-------------------------------------------
     0 | D:1      | Newt the Demonspawn Gladiator began the quest for the Orb.
     0 | D:1      | Reached XP level 1. HP: 16/16 MP: 1/1
    27 | D:1      | Reached skill level 1 in Stealth
    83 | D:1      | Gained mutation: You are partially covered in slimy green
                  | scales. (AC +2) [demonic ancestry]
    83 | D:1      | Reached XP level 2. HP: 19/22 MP: 2/2
   431 | D:1      | Reached XP level 3. HP: 27/27 MP: 3/3
  1248 | D:2      | Identified the +2 helmet "Curchit" {rN++ Int-2 Dex+4}
  1321 | D:3      | Found a faded altar of an unknown god.
  1377 | D:3      | Prayed at the altar of an unknown god.
  1377 | D:3      | Became a worshipper of Trog the Wrathful
  1377 | D:3      | Reached * piety under Trog
  1559 | D:3      | Gained mutation: You have a pair of small horns on your
                  | head. [demonic ancestry]
  1559 | D:3      | Reached XP level 4. HP: 35/35 MP: 4/4
  1570 | D:3      | Killed from afar by an orc priest

Illustrated notes

Levels and vault maps discovered:
D:1:      lightli_arrival_statuegarden, layout_rooms, dreamdust_wishing_well,
          grunt_decor_one_mirror, minmay_misc_feat_more_columns, minmay_domino_2
D:2:      layout_loops_ring
D:3:      layout_basic, chequers_ecumenical_altar_island,
          kennysheep_generic_room_15, uniq_sigmund

Skill      XL: |  1  2  3 |
---------------+----------+-----
Stealth        | 1 2 3 |  3.0
Fighting       | 3 |  3.1
Short Blades   | |  2.6
Throwing       | |  1.7
Dodging        | |  2.6

Action                   |  1- 3 |  4- 6 || total
-------------------------+-------+-------++-------
Melee: Rapier            |   133 |    10 ||   143
       Headbutt          |       |     2 ||     2
Throw: Javelin           |     1 |       ||     1
Invok: Berserk           |       |     1 ||     1
  Use: Scroll            |     4 |       ||     4
       Potion            |     1 |       ||     1
 Stab: Sleeping          |     5 |       ||     5
Armor: Leather armour    |    61 |     2 ||    63
Dodge: Dodged            |   104 |     5 ||   109

Table legend: (Time is in decaauts)
 A = Elapsed time spent in this place.
 B = Non-inter-level travel time spent in this place.
 C = Inter-level travel time spent in this place.
 D = Time resting spent in this place.
 E = Time spent auto-exploring this place.
 F = Levels seen in this place.
 G = Mean time per level.
                   A        B        C        D        E       F      G
               +--------+--------+--------+--------+--------+-----+--------+
         Total |   1573 |   1460 |    113 |      0 |   1056 |   3 |  524.3 |
       Dungeon |   1573 |   1460 |    113 |      0 |   1056 |   3 |  524.3 |
               +--------+--------+--------+--------+--------+-----+--------+

Top non-repeatable levels by time:
     D:2: 677 daAuts
     D:1: 604 daAuts
     D:3: 291 daAuts
